 Dungeon Crawl Stone Soup version 0.24-a0-271-ga0fc33f (webtiles) character file.

Game seed: 8460871642250444079

1120 Hasart the Chopper (level 8, -1/63 HPs)
             Began as a Formicid Fighter on Apr 24, 2019.
             Was a Follower of Uskayaw.
             Slain by a river rat (5 damage)
             ... summoned by Eustachio
             ... on level 6 of the Dungeon.
             The game lasted 00:06:44 (4920 turns).

Hasart the Chopper (Formicid Fighter)               Turns: 4920, Time: 00:06:45

Health: -1/63      AC: 12    Str: 27      XL:     8   Next: 60%
Magic:  10/10      EV:  5    Int:  9      God:    Uskayaw [*.....]
Gold:   251        SH:  9    Dex:  7 (10) Spells: 7/7 levels left

rFire    . . .     SeeInvis +   a - +0 war axe
rCold    . . .     Gourm    .   c - +0 shield
rNeg     . . .     Faith    .   y - +0 plate armour
rPois    .         Spirit   .   (helmet unavailable)
rElec    .         Reflect  .   (no cloak)
rCorr    .         Harm     .   (no gloves)
MR       .....                  w - +0 pair of boots
Stlth    ..........             (no amulet)
HPRegen  0.20/turn              (no ring)
MPRegen  0.12/turn              (no ring)

@: mighty, heavily drained
A: permanent stasis, dig shafts and tunnels, four strong arms, antennae 3
a: Dig, Shaft Self, Stomp, Renounce Religion


You were on level 6 of the Dungeon.
You worshipped Uskayaw.
Uskayaw was noncommittal.
You were hungry.

You visited 1 branch of the dungeon, and saw 6 of its levels.

You collected 251 gold pieces.

Inventory:

Hand Weapons
 a - a +0 war axe (weapon)
Armour
 b - a +0 scale mail
 c - a +0 shield (worn)
 w - a +0 pair of boots (worn)
 y - a +0 plate armour (worn)
Scrolls
 e - 6 scrolls of fear {unknown}
 h - 6 scrolls of identify {unknown}
 k - 6 scrolls of teleportation {unknown}
 m - 2 scrolls of random uselessness {unknown}
 q - 11 scrolls of remove curse {unknown}
 r - a scroll of enchant weapon {unknown}
 t - 2 scrolls of magic mapping {unknown}
 u - a scroll of silence {unknown}
 v - a scroll of amnesia {unknown}
Potions
 g - 4 potions of curing
 i - a potion of heal wounds
 j - a potion of lignification {unknown}
 l - a potion of invisibility {unknown}
 n - a potion of flight {unknown}
 o - 2 potions of agility {unknown}
 p - a potion of cancellation {unknown}
 s - a potion of resistance {unknown}
 x - a potion of degeneration {unknown}
Comestibles
 f - 14 rations


   Skills:
 + Level 5.5(2.6) Fighting
 * Level 6.1(3.2) Axes
 + Level 5.5(2.6) Armour
 + Level 6.0(3.1) Shields
 + Level 3.1(0.4) Invocations


You had 7 spell levels left.
You didn't know any spells.
Your spell library contained the following spells:

 Spells                   Type           Power        Failure   Level  Hunger
 Summon Small Mammal      Summ           #...         100%        1    ##.....
 Call Imp                 Summ           #.......     100%        2    ###....
 Corpse Rot               Necr           N/A          100%        2    ###....
 Call Canine Familiar     Summ           #.......     100%        3    ####...
 Summon Guardian Golem    Hex/Summ       #.......     100%        3    ####...
 Summon Ice Beast         Ice/Summ       #.......     100%        4    #####..
 Summon Lightning Spire   Summ/Air       #.......     100%        4    #####..


Dungeon Overview and Level Annotations

Branches:
Dungeon (6/15)             Temple (0/1) D:4

Altars:
Fedhas
Gozag
Hepliaklqana
Makhleb
Nemelex Xobeh
Okawaru
Qazlal
Ru
Uskayaw
Wu Jian
Yredelemnul

Annotations:
D:6 Eustachio


Innate Abilities, Weirdness & Mutations

You cannot be hasted, slowed, berserked, paralysed or teleported.
You can dig through walls and to a lower floor.
Your four strong arms can wield two-handed weapons with a shield.
You have a pair of large antennae on your head. (SInv)


Message History

Eustachio blinks!
You block the river rat's attack.
The crimson imp hits you but does no damage.
You block the shadow imp's attack. The river rat bites you.
* * * LOW HITPOINT WARNING * * *
The crimson imp blinks!
The shadow imp shouts, "Take thy face hence, thou odious ill-breeding bum-bailey!"
The shadow imp gestures at you. Pain shoots through your body!
* * * LOW HITPOINT WARNING * * *
Eustachio casts a spell.
You block the river rat's attack.
You closely miss Eustachio.
Eustachio is lightly wounded.
You closely miss the river rat.
Your plate armour prevents you from hitting the river rat.
You closely miss the river rat.
The crimson imp picks up a beetle and eats it.
Eustachio mumbles some strange words.
The river rat bites you.
You die...

##....## #.>##..##
#.......##
#........##
#._8_..#..#
#....[##..##
#....5##...##
##.#...rbb..####.
#....5r@@5......
####....r.......##
...........b..###
..............#
....########...#
..## #...# ..
##..# .. #/. ..


You could see Eustachio, a crimson imp, 3 river rats, a shadow imp, an ufetubus
and 3 bats.

Vanquished Creatures
  A water moccasin (D:5)
  An orc warrior (D:6)
  A phantom (D:5)
  2 necrophages (D:5)
  A scorpion (D:5)
  3 crimson imps
  2 hounds (D:4)
  An orc priest (D:3)
  Jessica (D:2)
  2 orc wizards
  5 worker ants
  A worker ant zombie (D:5)
  5 adders
  A river rat (D:3)
  A shadow imp (D:5)
  3 oozes
  2 worms
  3 dart slugs
  5 leopard geckos
  22 orcs
  3 giant cockroaches
  4 goblins
  8 hobgoblins
  3 jackals (D:5)
  8 kobolds
  5 quokkas
  3 ball pythons
  2 bats
  7 frilled lizards
  A leopard gecko skeleton (D:4)
  A quokka zombie (D:5)
  8 rats
116 creatures vanquished.

Notes
Turn   | Place    | Note
-------+----------+-------------------------------------------
     0 | D:1      | Hasart the Formicid Fighter began the quest for the Orb.
     0 | D:1      | Reached XP level 1. HP: 18/18 MP: 1/1
   215 | D:1      | Reached XP level 2. HP: 18/24 MP: 2/2
   670 | D:1      | Reached XP level 3. HP: 29/29 MP: 3/3
  1085 | D:2      | Noticed Jessica
  1092 | D:2      | Killed Jessica
  1092 | D:2      | Reached XP level 4. HP: 37/37 MP: 4/4
  1096 | D:2      | Identified Jessica's Collected Works on Evil Rituals
  1163 | D:2      | Found a basalt altar of Yredelemnul.
  1326 | D:3      | Found a hazy altar of Hepliaklqana.
  1372 | D:3      | Reached XP level 5. HP: 25/42 MP: 5/5
  1512 | D:3      | You fall through a shaft for 2 floors!
  1512 | D:5      | Entered Level 5 of the Dungeon
  1512 | D:5      | Found a hide-covered altar of Uskayaw.
  1519 | D:5      | Noticed a necrophage
  1538 | D:5      | Killed a necrophage
  1538 | D:5      | Reached XP level 6. HP: 13/46 MP: 6/6
  1645 | D:5      | Became a worshipper of Uskayaw the Reveler
  1841 | D:4      | Reached * piety under Uskayaw
  1900 | D:4      | Reached ** piety under Uskayaw
  1902 | D:4      | Reached *** piety under Uskayaw
  2055 | D:4      | Found a stormy altar of Qazlal.
  2110 | D:4      | Found a staircase to the Ecumenical Temple.
  2429 | D:3      | Found an opulent altar of Gozag.
  2584 | D:3      | Reached skill level 5 in Shields
  2659 | D:3      | Reached XP level 7. HP: 9/53 MP: 7/7
  3169 | D:4      | Found a sparkling altar of Nemelex Xobeh.
  3277 | D:4      | Reached skill level 1 in Invocations
  3301 | D:4      | Reached **** piety under Uskayaw
  3388 | D:5      | Found an ornate altar of the Wu Jian Council.
  3439 | D:5      | Reached skill level 5 in Axes
  3583 | D:5      | Found a blossoming altar of Fedhas.
  3879 | D:5      | Found a sacrificial altar of Ru.
  3972 | D:5      | Reached skill level 5 in Fighting
  3972 | D:5      | Reached skill level 5 in Armour
  4139 | D:5      | Reached XP level 8. HP: 55/60 MP: 9/9
  4870 | D:6      | Found a burning altar of Makhleb.
  4873 | D:6      | Found an iron altar of Okawaru.
  4889 | D:6      | Noticed Eustachio
  4920 | D:6      | Slain by a river rat

Levels and vault maps discovered:
D:1:      dpeg_arrival_simpleton_a, layout_loops_ring, nrook_campfire
D:2:      layout_basic, yredelemnul_altar_generic, first_ration,
          kennysheep_jessica_study
D:3:      layout_basic, lemuel_crystal_altar, nicolae_gozag_seed_capital,
          portal_sewer_entry_e
D:4:      minmay_chambers_of_threes, layout_rooms, kennysheep_little_box,
          lemuel_crystal_altar, temple_pool_b, kennysheep_cross_bottleneck,
          kennysheep_generic_room_3
D:5:      layout_loops_corners, old_standard_altar, fedhas_ov_isle_minmay,
          nicolae_overflow_crystal_walls, eat_drink_and_be_merry_uskayaw,
          kennysheep_generic_room_14
D:6:      layout_layer_cave, bloody_trog,
          chequers_temple_overflow_statue_of_worship, uniq_eustachio,
          uniq_blork_the_orc, uniq_grinder

Skill      XL: |  1  2  3  4  5  6  7  8 |
---------------+-------------------------+-----
Shields        | 4 5 6 |  6.0
Axes           | 3 4 5 6 |  6.1
Armour         | 4 5 |  5.5
Fighting       | 4 5 |  5.5
Invocations    | 2 3 |  3.1

Action                   |  1- 3 |  4- 6 |  7- 9 || total
-------------------------+-------+-------+-------++-------
Melee: War axe           |   106 |   161 |   161 ||   428
 Abil: Dig               |     1 |       |       ||     1
  Use: Potion            |       |       |     4 ||     4
 Stab: Paralysed         |       |     1 |     4 ||     5
  Eat: Chunk             |     1 |     5 |     7 ||    13
Armor: Scale mail        |    39 |    78 |    51 ||   168
       Plate armour      |       |       |    71 ||    71
Dodge: Dodged            |    32 |    48 |    71 ||   151
Block: Shield            |    51 |    82 |    99 ||   232

Table legend:
 A = Non-vault XP
 B = Vault XP
 C = Vault XP percentage of total XP
 D = Non-vault monster count
 E = Vault monster count
 F = Vault count percentage of total count
                 A         B        C        D         E       F
            +---------+---------+-------+---------+---------+-------
      Total |    1408 |     192 |  12.0 |      98 |      18 |  15.5
            +---------+---------+-------+---------+---------+-------
        D:1 |      33 |       0 |   0.0 |      19 |       0 |   0.0
        D:2 |      27 |      39 |  59.1 |      11 |       2 |  15.4
        D:3 |     174 |      34 |  16.3 |      28 |       8 |  22.2
        D:4 |     172 |      69 |  28.6 |      12 |       7 |  36.8
        D:5 |     732 |      50 |   6.4 |      22 |       1 |   4.3
        D:6 |     270 |       0 |   0.0 |       6 |       0 |   0.0
            +---------+---------+-------+---------+---------+-------
